 Dungeon Crawl Stone Soup version 0.17-a0-1132-g5dd4065 (console) character file.

155 Monkaria the Slasher (level 5, -1/42 HPs)
             Began as a Demonspawn Chaos Knight on May 25, 2015.
             Killed by nerve-wracking pain
             ... invoked by Grinder
              (11 damage)
             ... while paralysed by Grinder
             ... on level 3 of the Dungeon.
             The game lasted 00:08:32 (2148 turns).

Monkaria the Slasher (Demonspawn Chaos Knight)      Turns: 2148, Time: 00:08:32

Health: -1/42      AC:  5    Str: 18    XL:     5   Next: 14%
Magic:  0/5        EV:  2    Int: 18    God:    Xom [.*....]
Gold:   149        SH:  0    Dex: 17    Spells: 0 memorised, 4 levels left

rFire  . . .     SeeInvis .     a - +0 falchion (chaos)
rCold  . . .     Clarity  .     b - +2 leather armour
rNeg   . . .     SustAt   .     (no shield)
rPois  .         Gourm    .     (no helmet)
rElec  .         Spirit   +     (no cloak)
rCorr  .         Warding  .     (no gloves)
rMut   +         Stasis   .     (no boots)
MR     .....                    o - amulet of resist mutation
Stlth  ++........               (no ring)
                                f - +4 ring of strength

@: paralysed, brilliant, agile, not resistant to hostile enchantments,
unstealthy
A: hooves 1, magic shield, magic regeneration
a: Renounce Religion


You were on level 3 of the Dungeon.
You worshipped Xom.
You were a plaything of Xom.
You were not hungry.

You visited 1 branch of the dungeon, and saw 3 of its levels.

You collected 149 gold pieces.

Inventory:

Hand weapons
 a - a +0 falchion of chaos (weapon)
Armour
 b - a +2 leather armour (worn)
Jewellery
 f - a +4 ring of strength (left hand)
 o - an amulet of resist mutation (around neck)
Scrolls
 e - a scroll of enchant weapon {unknown}
 g - 2 scrolls of identify {unknown}
 h - a scroll of random uselessness {unknown}
 j - a scroll of noise {unknown}
 m - 3 scrolls of recharging {unknown}
 q - a scroll of teleportation {unknown}
Potions
 d - a potion of agility
Comestibles
 c - 2 bread rations
 i - 3 fruits
 p - 5 chunks of flesh


   Skills:
 - Level 4.1 Fighting
 + Level 4.6 Long Blades
 - Level 1.7 Armour
 - Level 0.8 Dodging


You had 4 spell levels left.
You didn't know any spells.

Dungeon Overview and Level Annotations

Branches:
Dungeon (3/15)

Altars:
Trog

Annotations:
D:3 Grinder


Innate Abilities, Weirdness & Mutations

You have large cloven feet.
When hurt, damage is shared between your health and your magic reserves.
You regenerate magic rapidly.


Message History

No target in view!
No target in view!
No target in view!
No target in view!
Grinder gestures at you. Pain shoots through your body!
* * * LOW HITPOINT WARNING * * *
Items here: ) ††† a club; the felid corpse of Natasha; an adder corpse; the goblin corpse of Ijyb You are too injured to fight recklessly!
You feel stronger.
f - a +4 ring of strength (left hand) Put on which piece of jewellery? (? for menu, Esc to quit)
o - an amulet of resist mutation (around neck) Grinder gestures at you.
You suddenly lose the ability to move!
Grinder gestures at you. Pain shoots through your body!
You die...
Xom laughs nastily!

# #..
###.#.###
...#...#
...#.#
#.#5#
#.##...#
#.....##
#####)#
#@#
#....#
######


You could see Grinder.

Vanquished Creatures
  Ijyb (D:3)
  Natasha (thrice) (D:3)
  3 adders
  An ooze (D:1)
  A worm (D:2)
  A giant gecko (D:2)
  2 giant cockroaches
  8 hobgoblins
  8 jackals (D:1)
  A quokka (D:2)
  9 bats
  3 giant newts
  4 goblins
  8 kobolds
  11 rats
64 creatures vanquished.

Vanquished Creatures (collateral kills)
  A rat (D:2)
1 creature vanquished.

Grand Total: 65 creatures vanquished

Notes
Turn   | Place    | Note
--------------------------------------------------------------
     0 | D:1      | Monkaria the Demonspawn Chaos Knight began the quest for the Orb.
     0 | D:1      | Reached XP level 1. HP: 18/18 MP: 1/1
   276 | D:1      | XOM: potion effect (berserk rage)
   281 | D:1      | Gained mutation: When hurt, damage is shared between your health and your magic reserves. [demonic ancestry]
   281 | D:1      | Reached XP level 2. HP: 24/24 MP: 2/2
   376 | D:1      | Reached skill level 4 in Fighting
   413 | D:1      | XOM: potion effect (brilliance)
   429 | D:1      | XOM: smoke on damage
   438 | D:1      | HP: 1/25 [rat (1)]
   453 | D:1      | Gained mutation: You have large cloven feet. [demonic ancestry]
   453 | D:1      | Reached XP level 3. HP: 2/30 MP: 3/3
   622 | D:1      | XOM: silly message
  1167 | D:2      | XOM: divination: detect creatures
  1175 | D:2      | XOM: colour smoke trail
  1247 | D:2      | XOM: mild Chrm miscast
  1491 | D:2      | XOM: harmless Summ miscast
  1629 | D:2      | Noticed a moth of wrath
  1631 | D:2      | Found a bloodstained altar of Trog.
  1632 | D:2      | XOM: cast spell 'Summon Small Mammal'
  1653 | D:2      | XOM: cast spell 'Beastly Appendage'
  1654 | D:2      | XOM: potion effect (agility)
  1670 | D:2      | Gained mutation: You regenerate magic rapidly. [demonic ancestry]
  1670 | D:2      | Reached XP level 4. HP: 25/37 MP: 4/4
  1692 | D:2      | XOM: cast spell 'Beastly Appendage'
  1852 | D:3      | Noticed Natasha
  1863 | D:3      | Killed Natasha
  2007 | D:3      | Noticed Natasha
  2014 | D:3      | Killed Natasha
  2090 | D:3      | Noticed Ijyb
  2090 | D:3      | Noticed Grinder
  2094 | D:3      | Noticed Natasha
  2101 | D:3      | Killed Ijyb
  2101 | D:3      | Reached XP level 5. HP: 32/42 MP: 5/5
  2110 | D:3      | Paralysed by Grinder for 7 turns
  2112 | D:3      | XOM: confuse monster(s)
  2116 | D:3      | XOM: noise
  2121 | D:3      | Killed Natasha
  2147 | D:3      | Paralysed by Grinder for 4 turns
  2148 | D:3      | Killed from afar by Grinder

Vault maps used:
D:1:      tarquinn_simple_flora_water_e, minmay_misc_feat_cross
D:2:      first_bread, tgw_trog
D:3:      uniq_iyjb, uniq_natasha, uniq_grinder, uniq_jessica

Action                   |  1- 3 |  4- 6 || total
-------------------------+-------+-------++-------
Melee: Falchion          |   158 |    66 ||   224
  Use: Potion            |       |     4 ||     4
  Eat: Chunk             |     3 |     2 ||     5
